 Dungeon Crawl Stone Soup version 0.17.1-3-g152610e (webtiles) character file.

1574 MirrMurr the Covert (level 8, -1/36 HPs)
             Began as a Spriggan Enchanter on Apr 13, 2016.
             Was a Follower of Ashenzari.
             Slain by a centaur (8 damage)
             ... on level 6 of the Dungeon.
             The game lasted 00:14:36 (6750 turns).

MirrMurr the Covert (Spriggan Enchanter)            Turns: 6750, Time: 00:14:36

Health: -1/36      AC:  3    Str:  4    XL:     8   Next: 59%
Magic:  14/20      EV: 18    Int: 19    God:    Ashenzari [*.....]
Gold:   227        SH:  0    Dex: 16    Spells: 4 memorised, 13 levels left

rFire  . . .     SeeInvis +     a - +2 dagger
rCold  . . .     Clarity  .     b - +1 robe
rNeg   . . .     SustAt   .     (shield restricted)
rPois  .         Gourm    .     (helmet restricted)
rElec  .         Spirit   .     (no cloak)
rCorr  .         Warding  .     (gloves unavailable)
rMut   .         Stasis   .     (boots unavailable)
MR     +....                    (no amulet)
Stlth  ++++++....               (no ring)
                                (no ring)

@: very quick, somewhat resistant to hostile enchantments, very stealthy
A: unfitting armour, see invisible, herbivore 3, speed 3, slow metabolism 2
a: Scrying, Renounce Religion


You were on level 6 of the Dungeon.
You worshipped Ashenzari.
Ashenzari was aware of your devotion.
You were not hungry.

You visited 2 branches of the dungeon, and saw 7 of its levels.

You collected 227 gold pieces.

Inventory:

Hand Weapons
 a - a +2 dagger (weapon)
Missiles
 f - 162 stones (quivered)
 u - 2 needles of slowing
Armour
 b - a +1 robe (worn)
Jewellery
 k - an uncursed ring of flight
 l - an uncursed ring of ice
 s - an uncursed ring of ice
Scrolls
 g - 4 scrolls of teleportation
 m - a scroll of curse jewellery
 n - a scroll of curse armour
 o - a scroll of curse weapon
 p - a scroll of remove curse
 q - a scroll of blinking {unknown}
 v - 3 scrolls of identify
 x - a scroll of enchant weapon
Potions
 e - 3 potions of ambrosia
 h - 3 potions of curing
 j - a potion of flight
 r - a potion of brilliance
Books
 c - a book of Maledictions

   Spells                             Type                      Level
   a - Corona                         Hexes                        1
   b - Ensorcelled Hibernation        Hexes/Ice                    2
   c - Confuse                        Hexes                        3
   d - Tukima's Dance                 Hexes                        3
   e - Dazzling Spray                 Conjuration/Hexes            3
Comestibles
 d - 6 bread rations
 i - a royal jelly
 t - a slice of pizza
 w - 2 fruits


   Skills:
 - Level 1.1 Short Blades
 - Level 3.0 Dodging
 - Level 12.6 Stealth
 + Level 7.5 Spellcasting
 * Level 6.5 Hexes


You had 13 spell levels left.
You knew the following spells:

 Your Spells              Type           Power        Failure   Level  Hunger
a - Ensorcelled Hibernat  Hex/Ice        ###...       4%          2    None
b - Confuse               Hex            ####....     1%          3    #......
c - Corona                Hex            ####...      1%          1    None
d - Dazzling Spray        Conj/Hex       ###.....     10%         3    #......


Dungeon Overview and Level Annotations

Branches:
Dungeon (6/15)             Temple (1/1) D:4

Altars:
Ashenzari
Cheibriados
Dithmenos
Elyvilon
Fedhas
Gozag
Kikubaaqudgha
Makhleb
Nemelex Xobeh
Ru
Sif Muna
Trog
Vehumet
Xom
Yredelemnul
Zin
The Shining One


Innate Abilities, Weirdness & Mutations

You are tiny and cannot use many weapons and most armour.
You have supernaturally acute eyesight.
You are a herbivore.
You cover ground extremely quickly.
You need consume almost no food.


Message History

The centaur closely misses you.
You hit the centaur but do no damage.
The centaur is severely wounded.
The centaur completely misses you.
Drink which item? (? for menu, Esc to quit)
You feel better. The centaur misses you. The centaur barely misses you.
You barely miss the centaur.
The centaur is heavily wounded.
The centaur hits you!
* * * LOW HITPOINT WARNING * * *
You barely miss the centaur.
The centaur is heavily wounded.
The centaur completely misses you. The centaur misses you.
You hit the centaur but do no damage.
The centaur is heavily wounded.
The centaur barely misses you.
You hit the centaur.
The centaur is almost dead.
The centaur misses you. The centaur hits you!
You die...

#####.##.#############
#...............
###.#.##..##########
#.#.#............. #
#.#...#........###
#.#.............. #
#.....#.###..#'##.#
###...#.# #..c....#
#...#.# #.@.....#
##...#.# #.......#
....#.###.......#
######.#.#...........#
#......#.#......#.##.#
#.####<.....[........#
#........#.#######.#..
######.###.# ....
#....)# ##..


You could see a centaur.

Vanquished Creatures
  The ghost of jesusflecha the Conjurer, a novice DECj (D:5)
  Grinder (D:3)
  Duvessa (D:5)
  A sky beast (D:5)
  3 ogres
  3 centaurs
  A scorpion (D:5)
  Dowan (D:5)
  A hound (D:4)
  Ijyb (D:2)
  An orc wizard (D:4)
  A jelly (D:5)
  2 orc priests (D:4)
  Terence (D:2)
  2 worker ants (D:4)
  8 adders
  An ooze (D:1)
  An adder skeleton (D:5)
  2 worms
  15 orcs
  11 bats
  4 giant cockroaches
  11 goblins
  6 hobgoblins
  7 jackals
  A ball python (D:1)
  4 giant geckos
  3 giant newts
  9 kobolds
  A quokka skeleton (D:4)
  7 rats
112 creatures vanquished.

Notes
Turn   | Place    | Note
--------------------------------------------------------------
     0 | D:1      | MirrMurr the Spriggan Enchanter began the quest for the Orb.
     0 | D:1      | Reached XP level 1. HP: 9/9 MP: 5/5
    30 | D:1      | Reached skill level 5 in Stealth
   263 | D:1      | Reached XP level 2. HP: 7/13 MP: 6/6
   267 | D:1      | Learned a level 2 spell: Ensorcelled Hibernation
   552 | D:1      | Reached skill level 6 in Stealth
   876 | D:1      | Reached XP level 3. HP: 16/16 MP: 8/8
   881 | D:1      | Learned a level 3 spell: Confuse
  1349 | D:2      | Noticed Terence
  1714 | D:2      | Found a blossoming altar of Fedhas.
  1714 | D:2      | Found an ancient bone altar of Kikubaaqudgha.
  1796 | D:2      | Reached skill level 7 in Stealth
  1902 | D:2      | Noticed Ijyb
  1910 | D:2      | Reached XP level 4. HP: 21/21 MP: 4/9
  1916 | D:2      | Killed Ijyb
  1921 | D:2      | Learned a level 3 spell: Dazzling Spray
  1983 | D:2      | Found a basalt altar of Yredelemnul.
  1998 | D:2      | Found a glowing silver altar of Zin.
  2017 | D:2      | Found a sacrificial altar of Ru.
  2372 | D:2      | You fall through a shaft for 2 floors!
  2393 | D:4      | Reached skill level 8 in Stealth
  2393 | D:4      | Reached XP level 5. HP: 24/24 MP: 9/11
  2426 | D:4      | Found a staircase to the Ecumenical Temple.
  2440 | Temple   | Entered the Ecumenical Temple
  2483 | Temple   | Became a worshipper of Ashenzari the Shackled
  2946 | D:3      | Noticed Grinder
  2951 | D:3      | Killed Grinder
  2951 | D:3      | Reached skill level 9 in Stealth
  2951 | D:3      | Reached XP level 6. HP: 28/28 MP: 8/14
  2981 | D:3      | Reached skill level 10 in Stealth
  3285 | D:2      | Found a shadowy altar of Dithmenos.
  3829 | D:2      | Killed Terence
  4056 | D:3      | Noticed an ogre
  4069 | D:3      | Killed an ogre
  4069 | D:3      | Reached skill level 5 in Spellcasting
  4069 | D:3      | Reached XP level 7. HP: 32/32 MP: 9/15
  4402 | D:4      | Reached * piety under Ashenzari
  4415 | D:4      | Reached skill level 11 in Stealth
  4670 | D:4      | Noticed an ogre
  4689 | D:4      | Killed an ogre
  5161 | D:4      | Noticed a centaur
  5168 | D:4      | Killed a centaur
  5239 | D:5      | Entered Level 5 of the Dungeon
  5370 | D:5      | Noticed jesusflecha's ghost (novice DECj)
  5694 | D:5      | Reached skill level 12 in Stealth
  5770 | D:5      | Noticed Duvessa
  5771 | D:5      | Noticed Dowan
  5790 | D:5      | Killed Dowan
  5799 | D:5      | Killed Duvessa
  5799 | D:5      | Reached XP level 8. HP: 28/36 MP: 4/18
  5908 | D:5      | Killed jesusflecha's ghost
  5908 | D:5      | Reached skill level 5 in Hexes
  6750 | D:6      | Slain by a centaur

Action                   |  1- 3 |  4- 6 |  7- 9 || total
-------------------------+-------+-------+-------++-------
Melee: Dagger            |   133 |    90 |   113 ||   336
 Cast: Ensorcelled Hiber |     6 |    15 |    23 ||    44
       Confuse           |       |     1 |     9 ||    10
       Dazzling Spray    |       |     4 |    11 ||    15
  Use: Scroll            |     8 |     1 |     4 ||    13
       Potion            |       |       |     4 ||     4
 Stab: Sleeping          |    17 |    24 |    14 ||    55
       Confused          |       |       |     5 ||     5
       Invisible         |       |       |     1 ||     1
  Eat: Bread ration      |       |     1 |       ||     1
       Pizza             |       |     1 |       ||     1
